 Dungeon Crawl Stone Soup version 0.31.0-11-ge490571c62 (webtiles) character file.

Game seed: 5520174546409390435

249 oldriver the Apothecary (level 6, -1/46 HPs)
             Began as a Formicid Alchemist on Feb 3, 2024.
             Was an Initiate of Ru.
             Slain by a gnoll
             ... wielding a +0 halberd
             ... led by a gnoll bouda
              (12 damage)
             ... on level 3 of the Dungeon.
             The game lasted 00:04:09 (3692 turns).

oldriver the Apothecary (Formicid Alchemist)        Turns: 3692, Time: 00:04:09

Health: -1/46      AC:  2    Str: 12    XL:     6   Next: 34%
Magic:  14/20      EV: 12    Int: 15    God:    Ru [......]
Gold:   142        SH:  0    Dex: 16    Spells: 7/12 levels left

rFire   . . .        c - +0 dagger
rCold   . . .        (no shield)
rNeg    . . .        a - +0 robe
rPois   .            (helmet unavailable)
rElec   .            (no cloak)
rCorr   .            (no gloves)
SInv    +            (no boots)
Will    .....        (no amulet)
Stlth   +++          p - ring of magical power
HPRegen 0.27/turn    (no ring)
MPRegen 0.17/turn

%: no passive effects
@: no status effects
A: permanent stasis, dig shafts and tunnels, antennae 3, four strong arms
a: Dig, Shaft Self, Renounce Religion


You were on level 3 of the Dungeon.
You worshipped Ru.
Ru was noncommittal.
You visited 1 branch of the dungeon, and saw 3 of its levels.

You collected 142 gold pieces.

Inventory:

Hand Weapons
 c - a +0 dagger (weapon)
Missiles
 j - 3 poisoned darts
Armour
 a - a +0 robe (worn)
Magical Staves
 m - a staff of death
Jewellery
 p - a ring of magical power (left hand)
Scrolls
 d - a scroll of summoning {unknown}
 e - a scroll of vulnerability {unknown}
 f - 7 scrolls of identify {unknown}
 i - a scroll of enchant weapon {unknown}
 l - a scroll of revelation {unknown}
 o - a scroll of brand weapon {unknown}
 r - 3 scrolls of enchant armour {unknown}
Potions
 b - a potion of magic
 g - a potion of might {unknown}
 h - a potion of heal wounds {unknown}
 k - a potion of attraction {unknown}
 n - a potion of berserk rage {unknown}
 q - a potion of invisibility {unknown}


   Skills:
 + Level 2.9 Fighting
 - Level 1.7 Dodging
 + Level 4.6 Stealth
 + Level 3.6 Spellcasting
 - Level 0.8 Conjurations
 + Level 5.5 Alchemy


You had 7 spell levels left.
You knew the following spells:

 Your Spells              Type           Power      Damage    Failure   Level
a - Sting                 Conj/Alch      48%        1d6       4%          1
o - Olgreb's Toxic Radia  Alch           19%        N/A       21%         4

Your spell library contained the following spells:

 Spells                   Type           Power      Damage    Failure   Level
 Mercury Vapours          Alch/Air       20%        N/A       10%         2
 Mephitic Cloud           Conj/Alch/Air  9%         N/A       24%         3
 Sticky Flame             Fire/Alch      10%        2d5       52%         4


Dungeon Overview and Level Annotations

Branches:
Dungeon (3/15)

Altars:
Ru
Wu Jian

Annotations:
D:2 1 runed translucent door, Crazy Yiuf


Innate Abilities, Weirdness & Mutations

You cannot be hasted, slowed, berserked, paralysed or teleported.
You can dig through walls and to a lower floor.
You have a pair of large antennae on your head. (SInv)
Your four strong arms can wield two-handed weapons with a shield.


Message History

You kneel at the altar of Ru.
Ru welcomes you!
There is an open door here.
A gnoll comes into view. It is wielding a +0 whip.
A gnoll comes into view. It is wielding a +0 spear.
There are monsters nearby!
There are monsters nearby!
There are monsters nearby!
The gnoll shouts!
You hear a shout!
A gnoll comes into view. It is wielding a +0 flail.
There is a stone staircase leading up here.
The sting misses the gnoll.
The sting hits the gnoll but does no damage.
The gnoll is poisoned.
The sting hits the gnoll.
The gnoll looks even sicker.
The gnoll is moderately wounded.
The gnoll barely misses you.
The sting misses the gnoll.
The sting hits the gnoll.
The gnoll is poisoned.
The gnoll is moderately wounded.
The gnoll barely misses you.
The sting hits the gnoll but does no damage.
The gnoll looks even sicker.
The gnoll is moderately wounded.
A gnoll bouda comes into view. It is wielding a +0 whip.
The gnoll hits you from afar with a +0 halberd!
The sting hits the gnoll but does no damage.
The gnoll looks as sick as possible!
The gnoll is moderately wounded.
The gnoll shouts!
The gnoll barely misses you.
The sting hits the gnoll.
The gnoll looks even sicker.
The gnoll is severely wounded.
The gnoll hits you with a +0 flail.
The gnoll hits you from afar with a +0 halberd!
The gnoll bouda barks out a call to the hunt!
The gnolls pick up the pace!
The gnoll hits you with a +0 flail!
* * * LOW HITPOINT WARNING * * *
The gnoll hits you from afar with a +0 halberd!
You die...

#####.....##.....####†..
.......................
#............g...#...† ##.##.
#.....<..gg.........## .....
#.....(............## ....
#....).[.........#.#
...##.....)g...........### {
...#.....................
.......@g.........##.### {
{{#.##......##.........#
{#.######..######...##### #..#
##.## ##...##..[. {##.##
#..###..#.##.... #..#
#...#.....##..). ##.#
#...#......)..<. ###########.##
#...............
##.....#......####.........##....


You could see a gnoll bouda and 3 gnolls.

Vanquished Creatures
  Natasha (thrice) (D:3 D:2)
  Robin (D:2)
  5 gnolls
  5 adders
  2 ribbon worms (D:2)
  An orc (D:3)
  6 bats
  11 endoplasms
  4 giant cockroaches
  3 hobgoblins (D:1)
  A jackal (D:1)
  3 quokkas (D:1)
  3 ball pythons
  3 frilled lizards
  8 goblins
  4 kobolds
  9 rats
72 creatures vanquished.

Notes
Turn   | Place    | Note
-------+----------+-------------------------------------------
     0 | D:1      | oldriver the Formicid Alchemist began the quest for the
                  | Orb.
     0 | D:1      | Reached XP level 1. HP: 13/13 MP: 3/3
    53 | D:1      | Reached XP level 2. HP: 17/20 MP: 0/5
   176 | D:1      | Reached skill level 1 in Fighting
   325 | D:1      | Reached XP level 3. HP: 26/26 MP: 4/6
  1133 | D:2      | Reached XP level 4. HP: 31/32 MP: 2/8
  1206 | D:2      | Learned a level 4 spell: Olgreb's Toxic Radiance
  1402 | D:2      | Noticed Robin
  1418 | D:2      | Killed Robin
  2236 | D:2      | Reached XP level 5. HP: 34/38 MP: 3/9
  2415 | D:2      | Found a runed translucent door.
  2416 | D:2      | Noticed Crazy Yiuf
  2471 | D:3      | Noticed Natasha
  2640 | D:3      | Reached skill level 5 in Alchemy
  2853 | D:3      | Killed Natasha
  3156 | D:3      | Noticed Natasha
  3168 | D:2      | Killed Natasha
  3169 | D:2      | Reached XP level 6. HP: 39/46 MP: 10/11
  3308 | D:2      | Noticed Natasha
  3315 | D:2      | Killed Natasha
  3526 | D:3      | Found an ornate altar of the Wu Jian Council.
  3552 | D:3      | Found a sacrificial altar of Ru.
  3651 | D:3      | Became a worshipper of Ru the Awakened
  3692 | D:3      | Slain by a gnoll

Illustrated notes

Levels and vault maps discovered:
D:1:      noname_arrival_rooms_in_the_neighbourhood, layout_rooms,
          minmay_close_crescents
D:2:      layout_basic, uniq_crazy_yiuf_cottage, uniq_robin
D:3:      layout_rooms, mainiacjoe_overflow_swirl, uniq_natasha

Skill      XL: |  1  2  3  4  5 |
---------------+----------------+-----
Fighting       | 1 2 |  2.9
Stealth        | 3 4 |  4.6
Spellcasting   | 3 |  3.6
Alchemy        | 5 |  5.5
Dodging        | |  1.7
Conjurations   | |  0.8

Action                     |  1- 3 |  4- 6 || total
---------------------------+-------+-------++-------
  Melee: Unarmed           |     6 |     4 ||    10
         Punch             |     1 |       ||     1
         Dagger            |       |    14 ||    14
  Throw: Dart              |       |     3 ||     3
   Cast: Sting             |    60 |   135 ||   195
 Armour: Robe              |    12 |    40 ||    52
  Dodge: Dodged            |    18 |    51 ||    69
